 Dungeon Crawl Stone Soup version 0.20-a0-556-g892c87b (webtiles) character file.

83 polly the Chopper (level 4, -2/41 HPs)
             Began as a Minotaur Berserker on Feb 5, 2017.
             Was a Believer of Trog.
             Slain by an orc (4 damage)
             ... on level 3 of the Dungeon.
             The game lasted 00:02:14 (1709 turns).

polly the Chopper (Minotaur Berserker)              Turns: 1709, Time: 00:02:15

Health: -2/41      AC:  7    Str: 23    XL:     4   Next: 22%
Magic:  3/3        EV: 14    Int:  4    God:    Trog [**....]
Gold:   111        SH:  0    Dex:  9    Spells: 3/3 levels left

rFire    . . .     SeeInvis .   a - +0 hand axe
rCold    . . .     Gourm    .   n - +0 scale mail
rNeg     . . .     Faith    .   (no shield)
rPois    .         Spirit   .   (helmet restricted)
rElec    .         Reflect  .   q - +0 cloak
rCorr    .         Harm     +   (no gloves)
MR       +....                  (no boots)
Stlth    ..........             l - amulet of harm
Regen    0.2/turn               m - ring of protection from magic
                                k - +3 ring of evasion

@: no status effects
A: retaliatory headbutt, horns 2
a: Berserk, Trog's Hand, Burn Spellbooks, Renounce Religion


You were on level 3 of the Dungeon.
You worshipped Trog.
Trog was pleased with you.
You were hungry.

You visited 1 branch of the dungeon, and saw 3 of its levels.

You collected 111 gold pieces.

Inventory:

Hand Weapons
 a - a +0 hand axe (weapon)
Armour
 n - a +0 scale mail (worn)
 q - a +0 cloak (worn)
Jewellery
 k - a +3 ring of evasion (left hand)
 l - an amulet of harm (around neck)
 m - a ring of protection from magic (right hand)
 r - an uncursed ring of see invisible {unknown}
Scrolls
 b - a scroll of fog {unknown}
 e - 3 scrolls of remove curse {unknown}
 g - a scroll of teleportation {unknown}
 h - 3 scrolls of identify {unknown}
 i - a scroll of recharging {unknown}
 j - a scroll of fear {unknown}
 p - a scroll of enchant weapon {unknown}
Comestibles
 c - 4 bread rations
 d - 3 meat rations
 f - 3 royal jellies


   Skills:
 + Level 4.6 Fighting
 + Level 4.6 Axes
 + Level 2.9 Armour
 + Level 2.5 Dodging
 + Level 0.8 Stealth


You had 3 spell levels left.
You didn't know any spells.

Dungeon Overview and Level Annotations

Branches:
Dungeon (3/15)

Altars:


Innate Abilities, Weirdness & Mutations

You reflexively headbutt those who attack you in melee.
You have a pair of horns on your head.


Message History

The orc priest closely misses you. You furiously retaliate!
You headbutt the orc priest, but do no damage.
The orc hits you.
* * * LOW HITPOINT WARNING * * *
You closely miss the orc priest.
The orc priest is lightly wounded.
You hit the orc. The orc priest misses you.
The orc hits you but does no damage.
You hit the orc priest but do no damage.
You headbutt the orc priest, but do no damage.
The orc priest is lightly wounded.
You barely miss the orc. The orc priest barely misses you.
You furiously retaliate!
You headbutt the orc priest. The orc completely misses you.
You barely miss the orc priest.
The orc priest is heavily wounded.
You hit the orc but do no damage.
The orc priest hits you but does no damage.
The orc hits you.
You die...

....#.# #. #..... ..
#....#.# #.##..... ...
.. ....# #........
##.# #.
...##..........
[...##. .....####.....
....... #.###......<..
.......
##.###.###.....
#...>###......###.####
#@(..#.#####..# #
#...oo####..####.#####
........#
##.........##
###.#.#.###
####......#[ # #....
.. ##......#. #..##
#.##.......#. #..
#....#.....#. .#
##..#.....#.
#..).....#.


You could see an orc priest and an orc.

Vanquished Creatures
  2 adders (D:2)
  3 worms
  4 leopard geckos
  3 orcs (D:3)
  2 ball pythons (D:1)
  5 goblins
  2 hobgoblins (D:1)
  4 jackals (D:1)
  A quokka (D:2)
  6 bats
  3 frilled lizards
  7 kobolds
  8 rats
50 creatures vanquished.

Notes
Turn   | Place    | Note
-------+----------+-------------------------------------------
     0 | D:1      | polly the Minotaur Berserker began the quest for the Orb.
     0 | D:1      | Reached XP level 1. HP: 19/19 MP: 0/0
   226 | D:1      | Reached XP level 2. HP: 20/27 MP: 1/1
   644 | D:1      | Reached ** piety under Trog
   644 | D:1      | Reached XP level 3. HP: 15/33 MP: 2/2
  1584 | D:3      | Reached XP level 4. HP: 41/41 MP: 3/3
  1706 | D:3      | HP: 2/41 [orc (3)]
  1709 | D:3      | Slain by an orc

Vault maps used:
D:1:      scummos_arrival_checkerplants, minmay_statues_item
D:3:      first_bread

Skill      XL: |  1  2 |
---------------+-------+-----
Fighting       | 4 |  4.6
Axes           | 4 |  4.6
Armour         | |  2.9
Dodging        | |  2.5
Stealth        | |  0.8

Action                   |  1- 3 |  4- 6 || total
-------------------------+-------+-------++-------
Melee: Hand axe          |    82 |    21 ||   103
       Headbutt          |     4 |     6 ||    10
  Use: Potion            |       |     1 ||     1
  Eat: Chunk             |     1 |     1 ||     2
Armor: Animal skin       |     8 |       ||     8
       Scale mail        |    17 |     5 ||    22
Dodge: Dodged            |    50 |    13 ||    63
